 Dungeon Crawl Stone Soup version 0.20.1-1-g8b1a95d (webtiles) character file.

1536 vomix the Cleaver (level 8, -7/64 HPs)
             Began as a Minotaur Berserker on Aug 24, 2017.
             Was an Elder of Trog.
             Killed from afar by an electric eel (8 damage)
             ... with a bolt of electricity
             ... on level 6 of the Dungeon.
             The game lasted 00:11:49 (5031 turns).

vomix the Cleaver (Minotaur Berserker)              Turns: 5031, Time: 00:11:49

Health: -7/64      AC: 14    Str: 23    XL:     8   Next: 56%
Magic:  7/7        EV: 16    Int:  4    God:    Trog [****..]
Gold:   307        SH:  0    Dex: 11    Spells: 7/7 levels left

rFire    . . .     SeeInvis .   D - +0 war axe
rCold    . . .     Gourm    .   (no shield)
rNeg     . . .     Faith    .   x - +0 chain mail
rPois    .         Spirit   .   h - +1 hat
rElec    .         Reflect  .   G - +0 cloak
rCorr    .         Harm     .   (no gloves)
MR       ++...                  l - +2 pair of boots
Stlth    ..........             (no amulet)
Regen    1.2/turn               g - +4 ring of evasion
MPRegen  0.1/turn               J - +4 ring of evasion

@: regenerating
A: retaliatory headbutt, horns 2
a: Berserk, Trog's Hand, Brothers in Arms, Burn Spellbooks, Renounce Religion


You were on level 6 of the Dungeon.
You worshipped Trog.
Trog was greatly pleased with you.
You were not hungry.

You visited 2 branches of the dungeon, and saw 7 of its levels.
You also visited: Sewer.

You collected 398 gold pieces.
You spent 91 gold pieces at shops.

Inventory:

Hand Weapons
 D - a +0 war axe (weapon)
Missiles
 v - 4 throwing nets (quivered)
Armour
 h - a +1 hat (worn)
 l - a +2 pair of boots (worn)
 x - a +0 chain mail (worn)
 G - a +0 cloak (worn)
Jewellery
 g - a +4 ring of evasion (left hand)
 J - a +4 ring of evasion (right hand)
 L - an uncursed ring of resist corrosion
Wands
 o - a wand of polymorph (11/24)
 r - a wand of polymorph (7/24)
 A - a wand of iceblast (5/15)
Scrolls
 b - 2 scrolls of enchant weapon {unknown}
 d - 2 scrolls of magic mapping
 e - a scroll of enchant armour {unknown}
 f - a scroll of random uselessness {unknown}
 j - a scroll of amnesia {unknown}
 m - 2 scrolls of fear {unknown}
 n - 5 scrolls of teleportation
 w - 3 scrolls of remove curse
 E - 2 scrolls of blinking {unknown}
 H - 2 scrolls of immolation {unknown}
 K - a scroll of recharging {unknown}
Potions
 p - a potion of magic {unknown}
 s - 2 potions of mutation
 t - a potion of curing {unknown}
 z - a potion of might
 C - 2 potions of resistance {unknown}
 I - a potion of lignification {unknown}
 N - a potion of haste {unknown}
 P - a potion of heal wounds {unknown}
 Q - 2 potions of cancellation {unknown}
Books
 y - a book of Callings

   Spells                             Type                      Level
   a - Summon Small Mammal            Summoning                    1
   b - Call Imp                       Summoning                    2
   c - Call Canine Familiar           Summoning                    3
   d - Summon Guardian Golem          Hexes/Summoning              3
   e - Summon Lightning Spire         Summoning/Air                4
   f - Summon Ice Beast               Ice/Summoning                4
   Trog disapproves of the use of such an item.
 F - a book of Callings

   Spells                             Type                      Level
   a - Summon Small Mammal            Summoning                    1
   b - Call Imp                       Summoning                    2
   c - Call Canine Familiar           Summoning                    3
   d - Summon Guardian Golem          Hexes/Summoning              3
   e - Summon Lightning Spire         Summoning/Air                4
   f - Summon Ice Beast               Ice/Summoning                4
   Trog disapproves of the use of such an item.
 O - a book of Necromancy

   Spells                             Type                      Level
   a - Pain                           Necromancy                   1
   b - Animate Skeleton               Necromancy                   1
   c - Vampiric Draining              Necromancy                   3
   d - Regeneration                   Charms/Necromancy            3
   e - Animate Dead                   Necromancy                   4
   f - Control Undead                 Necromancy                   4
   Trog disapproves of the use of such an item.
Comestibles
 a - 3 meat rations
 c - 4 bread rations
 q - a royal jelly
 u - a fruit
 M - 8 chunks of flesh


   Skills:
 - Level 3.6 Fighting
 + Level 12.9 Axes
 - Level 2.4 Armour
 - Level 2.1 Dodging


You had 7 spell levels left.
You didn't know any spells.

Dungeon Overview and Level Annotations

Branches:
Dungeon (6/15)             Temple (1/1) D:5

Altars:
Ashenzari
Cheibriados
Dithmenos
Elyvilon
Fedhas
Gozag
Hepliaklqana
Kikubaaqudgha
Makhleb
Okawaru
Qazlal
Ru
Sif Muna
Trog
Uskayaw
Vehumet
Xom
Yredelemnul
Zin
The Shining One

Shops:
D:4 =   D:6 *


Innate Abilities, Weirdness & Mutations

You reflexively headbutt those who attack you in melee.
You have a pair of horns on your head.


Message History

The bolt of electricity hits the plant.
The bolt of electricity hits you!
* * * LOW HITPOINT WARNING * * *
The electric eel shoots out a bolt of lightning at you!
The bolt of electricity hits the plant.
The bolt of electricity misses you. The bolt of electricity hits your ogre.
Your skin crawls.
You feel resistant to hostile enchantments.
You feel somewhat more hungry. Trog will no longer gift you weapons.
The electric eel shoots out a bolt of lightning at you!
The bolt of electricity hits you!
* * * LOW HITPOINT WARNING * * *
The electric eel shoots out a bolt of lightning at you!
The bolt of electricity hits the plant.
The bolt of electricity hits your ogre. The bolt of electricity hits you!
* * * LOW HITPOINT WARNING * * *
The electric eel shoots out a bolt of lightning at you!
The bolt of electricity hits the plant.
The bolt of electricity hits your ogre. The bolt of electricity hits you!
You die...

#...#.###.......###.......##.....
#...............###.......##.####
........#.####..#.#.......##.#
.........∩................##.#
.....)..#.##.#######......##.#
#..........###.!.≈≈##.....##.#
#...#.######≈≈.####.##....##.#
#...#.##..≈≈≈##'..##.#..####.####
#...#.#..#####..@..#.#...###.....
##.##.## #..O..#.#.........##
#.##..# #P..P≈#.#...#######
#.###.#.....#;PPP$#÷#..## #.#
#.#...P≈#!;..)#≈#.##
##.###.#!P.≈$#≈≈.;≈#≈###
.......#.!$≈.##≈≈≈##≈#
#####..#≈≈;≈≈######.## #
#..##≈≈≈##≈≈...##


You could see 3 electric eels and a friendly ogre (berserk).

Vanquished Creatures
  The ghost of happinesssam the Summoner, an amateur DrSu (D:5)
  The ghost of vineage the Slasher, an amateur DsGl (D:3)
  An ice beast (D:6)
  3 ogres
  A bullfrog (Sewer)
  2 scorpions
  A howler monkey (D:4)
  A crimson imp (D:6)
  A centaur skeleton (D:5)
  2 iguanas (D:6)
  5 orc wizards
  A worker ant (D:6)
  A hound skeleton (D:6)
  A worker ant zombie (D:6)
  7 gnolls
  8 adders
  12 oozes
  2 worms (D:3)
  A dart slug (D:2)
  17 leopard geckos
  20 orcs
  11 giant cockroaches
  6 goblins
  5 hobgoblins
  11 jackals
  2 quokkas
  9 ball pythons
  7 bats
  11 frilled lizards
  6 kobolds
  A leopard gecko skeleton (D:6)
  9 rats
167 creatures vanquished.

Notes
Turn   | Place    | Note
-------+----------+-------------------------------------------
     0 | D:1      | vomix the Minotaur Berserker began the quest for the Orb.
     0 | D:1      | Reached XP level 1. HP: 19/19 MP: 0/0
   360 | D:1      | Reached skill level 4 in Axes
   384 | D:1      | Reached XP level 2. HP: 23/26 MP: 1/1
   505 | D:1      | Found a glowing golden altar of the Shining One.
   649 | D:1      | Reached skill level 5 in Axes
   998 | D:2      | Reached ** piety under Trog
  1001 | D:2      | Reached XP level 3. HP: 31/31 MP: 2/2
  1392 | D:2      | Found a shattered altar of Ashenzari.
  1395 | D:2      | Found a stormy altar of Qazlal.
  1408 | D:2      | Found a basalt altar of Yredelemnul.
  1411 | D:2      | Found a blossoming altar of Fedhas.
  1681 | D:3      | Found an iron altar of Okawaru.
  1686 | D:3      | Noticed vineage's ghost (amateur DsGl)
  1696 | D:3      | Killed vineage's ghost
  1696 | D:3      | Reached skill level 7 in Axes
  1696 | D:3      | Reached XP level 4. HP: 39/39 MP: 3/3
  1696 | D:3      | Reached XP level 5. HP: 45/45 MP: 4/4
  1793 | D:3      | Found a hazy altar of Hepliaklqana.
  2586 | D:4      | Reached *** piety under Trog
  2586 | D:4      | Reached skill level 8 in Axes
  2596 | D:4      | Reached XP level 6. HP: 46/51 MP: 5/5
  2795 | D:4      | Found Viedio's Jewellery Shop.
  2835 | D:4      | Reached skill level 9 in Axes
  2953 | D:4      | Found a glowing drain.
  2964 | Sewer    | Entered a sewer
  3309 | Sewer    | Reached **** piety under Trog
  3322 | Sewer    | Reached XP level 7. HP: 57/57 MP: 6/6
  3396 | Sewer    | Reached skill level 10 in Axes
  3670 | D:5      | Entered Level 5 of the Dungeon
  3699 | D:5      | Noticed happinesssam's ghost (amateur DrSu)
  3708 | D:5      | Killed happinesssam's ghost
  3708 | D:5      | Reached skill level 11 in Axes
  3851 | D:5      | Found a staircase to the Ecumenical Temple.
  3857 | Temple   | Entered the Ecumenical Temple
  4503 | D:6      | Reached XP level 8. HP: 64/64 MP: 7/7
  4558 | D:6      | Found Wucaoseo's General Store.
  4571 | D:6      | Bought a scroll of teleportation for 42 gold pieces
  4571 | D:6      | Bought a scroll of magic mapping for 49 gold pieces
  4657 | D:6      | Reached ***** piety under Trog
  4714 | D:6      | Reached skill level 12 in Axes
  5031 | D:6      | HP: 1/64 [electric eel/bolt of electricity (11)]
  5031 | D:6      | Killed from afar by an electric eel

Skill      XL: |  1  2  3  4  5  6  7  8 |
---------------+-------------------------+-----
Axes           | 4 5 7 8 9 11 12 | 12.9
Fighting       | |  3.6
Armour         | |  2.4
Dodging        | |  2.1

Action                   |  1- 3 |  4- 6 |  7- 9 || total
-------------------------+-------+-------+-------++-------
Melee: Hand axe          |    67 |   172 |    41 ||   280
       Headbutt          |    13 |    30 |    31 ||    74
       War axe           |       |       |   114 ||   114
Invok: Berserk           |     1 |     1 |     1 ||     3
       Trog's Hand       |       |       |     3 ||     3
       Brothers in Arms  |       |       |     1 ||     1
  Use: Scroll            |       |       |     5 ||     5
 Stab: Sleeping          |     1 |       |       ||     1
  Eat: Chunk             |     2 |     7 |     8 ||    17
Armor: Animal skin       |     5 |     9 |       ||    14
       Chain mail        |       |    51 |    62 ||   113
Dodge: Dodged            |    37 |   131 |   101 ||   269
